AoeStats
← Lukan

Enclosed

504154150Analyzed
1v1 RM · 2mo ago on Sep 4, 2026· 81m 53s· 2 players
Game mode
Random Map
Map size
Tiny (2 player)
Population
200
Speed
Normal
Resources
Standard
Victory
Conquest
Starting age
Dark Age
Ending age
Imperial Age
RankedLock teamsTeams togetherTeam positionsShared explorationLock speedFull tech treeHidden civsTurbo modeCheats
Victory
Defeat
🇹🇼 Persians · Taiwan
1263
+14
vs
🇵🇪 Shu · Peru
1226
-14
Lukan
5:12 Loom
16:58 Feudal Age
18:08 Double-Bit Axe
49:50 Town Watch
66:45 Fletching
69:09 Forging
74:21 Scale Mail Armor
78:26 Castle Age
79:42 Pikeman
TW_KA
6:43 Loom
50:38 Feudal Age
54:50 Castle Age
53:23 Horse Collar
53:30 Double-Bit Axe
60:32 Man-at-Arms
64:28 Scale Mail Armor
64:39 Forging
66:39 Scale Barding Armor
67:10 Iron Casting
67:05 Bloodlines
69:40 Wheelbarrow
71:26 Husbandry
72:38 Chain Barding Armor
78:58 Fletching
Connection lost

Rejoining the realm…

Still unreachable

The connection could not be restored.

Session expired

The server has moved on; the page needs a fresh start.